 Dungeon Crawl Stone Soup version 0.29.0-4-gdea44cf6ec (webtiles) character file.

Game seed: 1015420434588724595

128 qw the Chopper (level 5, -4/30 HPs)
             Began as a Tengu Warper on Aug 28, 2022.
             Was an Initiate of Okawaru.
             Slain by Duvessa
             ... wielding a +0 rapier
              (5 damage)
             ... on level 4 of the Dungeon.
             The game lasted 00:00:19 (3999 turns).

qw the Chopper (Tengu Warper)                       Turns: 3999, Time: 00:00:20

Health: -4/30      AC: 11    Str: 14    XL:     5   Next: 11%
Magic:  9/9        EV:  5    Int: 13    God:    Okawaru [......]
Gold:   154        SH:  0    Dex: 19    Spells: 8/8 levels left

rFire   . . .      SeeInvis .   Y - +0 hand axe
rCold   . . .      Faith    .   (no shield)
rNeg    . . .      Spirit   .   k - +0 plate armour
rPois   .          Reflect  .   (helmet restricted)
rElec   .          Harm     .   i - +0 cloak
rCorr   +          Rampage  .   (no gloves)
Will    .....                   (boots unavailable)
Stlth   ..........              (no amulet)
HPRegen 0.10/turn               c - ring of resist corrosion
MPRegen 0.11/turn               l - +6 ring of dexterity

@: about to teleport, flying quickly and evasively, quick
A: beak, talons 3, nimble flight
a: Renounce Religion


You were on level 4 of the Dungeon.
You worshipped Okawaru.
Okawaru was noncommittal.
You visited 1 branch of the dungeon, and saw 4 of its levels.

You collected 154 gold pieces.


Innate Abilities, Weirdness & Mutations

You have a beak for a mouth.
You have claws for feet.
Your magical nature lets you fly swiftly and evasively.


   Skills:
 - Level 2.0 Fighting
 + Level 5.3 Axes
 - Level 1.0 Throwing
 - Level 2.0 Armour
 - Level 2.1 Dodging
 - Level 2.0 Spellcasting
 - Level 2.4 Translocations


You had 8 spell levels left.
You didn't know any spells.
Your spell library contained the following spells:

 Spells                   Type           Power      Damage    Failure   Level
 Blink                    Tloc           14%        N/A       100%        2
 Gell's Gravitas          Tloc           7%         N/A       100%        3
 Lesser Beckoning         Tloc           7%         N/A       100%        3
 Teleport Other           Tloc           7%         N/A       100%        3
 Manifold Assault         Tloc           7%         N/A       100%        5

Inventory:

Hand Weapons
 f - a +0 mace
 Y - a +0 hand axe (weapon)
Armour
 i - a +0 cloak (worn)
 k - a +0 plate armour (worn)
Jewellery
 c - a ring of resist corrosion (left hand)
 l - a +6 ring of dexterity (right hand)
Scrolls
 a - a scroll of identify
Potions
 b - a potion of haste
 d - a potion of brilliance {unknown}
 e - 4 potions of curing
 g - 2 potions of cancellation
 j - a potion of mutation {unknown}

Dungeon Overview and Level Annotations

Branches:
Dungeon (4/15)
 Temple: D:4-7

Altars:
Okawaru
The Shining One

Annotations:
D:4 Dowan, Duvessa


Message History

You fly upwards.
There is a stone staircase leading down here.
Enter note: You start resting.
HP restored.
Done exploring.
(D) Dungeon
Where to? (* - list waypoints, Enter - D:4, ? - help)
What level of the Dungeon? (default 1, ? - help)
You fly downwards.
Level annotation: Dowan, Duvessa Duvessa hits you with a +0 rapier. x2
There is a stone staircase leading up, spattered with blood here.
You hit Duvessa but do no damage. You peck Duvessa.
Duvessa is lightly wounded.
Duvessa hits you but does no damage.
You hit Duvessa but do no damage. Your kick misses Duvessa.
Your peck misses Duvessa.
Duvessa is lightly wounded.
Duvessa hits you with a +0 rapier.
You hit Duvessa but do no damage. You claw Duvessa. Your peck misses Duvessa.
Duvessa is lightly wounded.
Duvessa hits you with a +0 rapier.
You hit Duvessa but do no damage. You claw Duvessa. Your peck misses Duvessa.
Duvessa is moderately wounded.
Duvessa hits you with a +0 rapier!
You hit Duvessa but do no damage. Your kick misses Duvessa.
Your peck misses Duvessa.
Duvessa is moderately wounded.
Duvessa gestures with her weapon.
Duvessa hits you with a +0 rapier!
3998 ||| READING scroll of teleportation.
As you read the scroll of teleportation, it crumbles to dust.
You feel strangely unstable. Duvessa hits you but does no damage.
You hit Duvessa but do no damage. You claw Duvessa. You peck Duvessa.
Duvessa is moderately wounded.
You closely miss Dowan. Duvessa hits you with a +0 rapier.
You die...

### .##....... ..#
...##....^. ##
#.##...##.......... # .
#.##...##.......... #.
#.#.##...##......... #..
#.#......+......... ..
#.)...?..##e#....#
#.###<......#@+....+
#........##.#e#....+#######
##...##..##.#.#............
+...+...........e.........
#...##..##.#.####.........
######.....#.#####........
......................
###.......#####e##########
########.......# .....


You could see Duvessa and Dowan.

Vanquished Creatures
  6 adders
  3 dart slugs
  5 endoplasms
  14 giant cockroaches
  5 goblins
  5 hobgoblins
  5 kobolds
  2 quokkas
  6 ball pythons
  4 bats
  2 frilled lizards
  6 rats
63 creatures vanquished.

Vanquished Creatures (others)
  2 plants (D:2)
2 creatures vanquished.

Grand Total: 65 creatures vanquished

Notes
Turn   | Place    | Note
-------+----------+-------------------------------------------
     0 | D:1      | qw the Tengu Warper began the quest for the Orb.
     0 | D:1      | Reached XP level 1. HP: 12/12 MP: 4/4
     0 | D:1      | 0 ||| qw: Version: 0.1-a-89-g26bdef1
     0 | D:1      | 0 ||| qw: Game counter: 18
     0 | D:1      | 0 ||| qw: Always use a shield: true
     0 | D:1      | 0 ||| qw: God list: Okawaru
     0 | D:1      | 0 ||| qw: Allow faded altars: false
     0 | D:1      | 0 ||| qw: Do Orc after D:15 true
     0 | D:1      | 0 ||| qw: Do second Lair branch before Depths: true
     0 | D:1      | 0 ||| qw: Lair rune preference: random
     0 | D:1      | 0 ||| qw: Plans: Normal
     0 | D:1      | 0 ||| PLANNING D:1-11
   107 | D:1      | Reached XP level 2. HP: 17/17 MP: 6/6
   141 | D:1      | Reached skill level 3 in Axes
   337 | D:1      | 337 ||| Stepping ~*~*~tactically~*~*~ (hiding).
   439 | D:1      | 439 ||| Stepping ~*~*~tactically~*~*~ (hiding).
   548 | D:1      | HP: 4/17 [ball python (3)]
   551 | D:1      | HP: 1/17 [frilled lizard (2)]
   606 | D:1      | 606 ||| Stepping ~*~*~tactically~*~*~ (stealth).
   952 | D:1      | Found a faded altar of an unknown god.
  1244 | D:1      | 1244 ||| Stepping ~*~*~tactically~*~*~ (stealth).
  1258 | D:1      | 1258 ||| UPGRADING to +0 ring mail.
  1268 | D:1      | 1268 ||| DROPPING +0 leather armour.
  1269 | D:1      | 1269 ||| READING 3 scrolls labelled GUTUAT TEOMEO.
  1270 | D:1      | 1270 ||| READING scroll labelled WIESUGH UTARCH.
  1371 | D:1      | 1371 ||| READING scroll labelled BUK POFYCLAIF.
  1372 | D:1      | 1372 ||| READING scroll labelled ZUROSU FOLI.
  1373 | D:1      | 1373 ||| DRINKING 3 smoky white potions.
  1374 | D:1      | 1374 ||| READING 2 scrolls of identify.
  1374 | D:1      | 1374 ||| IDENTIFYING fizzy inky potion
  1375 | D:1      | 1375 ||| DROPPING scroll of blinking.
  1376 | D:1      | 1376 ||| DROPPING potion of flight.
  1392 | D:2      | Reached XP level 3. HP: 21/21 MP: 7/7
  1478 | D:2      | 1478 ||| Stepping ~*~*~tactically~*~*~ (water).
  1707 | D:2      | Reached skill level 4 in Axes
  2031 | D:2      | Reached XP level 4. HP: 18/26 MP: 8/8
  2702 | D:2      | 2702 ||| UPGRADING to +0 chain mail.
  2712 | D:2      | 2712 ||| DROPPING +0 ring mail.
  2713 | D:2      | 2713 ||| UPGRADING to +0 plate armour.
  2723 | D:2      | 2723 ||| DROPPING +0 chain mail.
  2724 | D:2      | 2724 ||| UPGRADING to ring of resist corrosion.
  2725 | D:2      | 2725 ||| READING scroll labelled BENTATIUWE.
  2728 | D:2      | 2728 ||| READING 2 scrolls of identify.
  2728 | D:2      | 2728 ||| IDENTIFYING fuming brown potion
  2764 | D:3      | Found an iron altar of Okawaru.
  2788 | D:3      | Became a worshipper of Warmaster Okawaru
  2895 | D:3      | 2895 ||| Stepping ~*~*~tactically~*~*~ (stealth).
  2985 | D:3      | Found a glowing golden altar of the Shining One.
  3624 | D:3      | Reached skill level 5 in Axes
  3668 | D:3      | 3668 ||| UPGRADING to +0 cloak.
  3673 | D:3      | 3673 ||| UPGRADING to +6 ring of dexterity.
  3674 | D:3      | 3674 ||| READING 3 scrolls labelled SONEAKUDAW.
  3675 | D:3      | 3675 ||| READING scroll labelled SURRYU BEUNWOCK.
  3676 | D:3      | 3676 ||| READING 3 scrolls of identify.
  3676 | D:3      | 3676 ||| IDENTIFYING sedimented sapphire potion
  3677 | D:3      | 3677 ||| READING 2 scrolls of identify.
  3677 | D:3      | 3677 ||| IDENTIFYING fizzy ruby potion
  3678 | D:3      | 3678 ||| DROPPING potion of degeneration.
  3679 | D:3      | 3679 ||| DROPPING 2 scrolls of vulnerability.
  3726 | D:4      | 3726 ||| Stepping ~*~*~tactically~*~*~ (stealth).
  3727 | D:4      | 3727 ||| Stepping ~*~*~tactically~*~*~ (stealth).
  3735 | D:4      | Gained mutation: Your magical nature lets you fly swiftly
                  | and evasively. [Tengu growth]
  3735 | D:4      | Reached XP level 5. HP: 21/30 MP: 9/9
  3925 | D:4      | Noticed Duvessa
  3925 | D:4      | Noticed Dowan
  3927 | D:4      | 3927 ||| FLEEEEING.
  3928 | D:4      | 3928 ||| FLEEEEING.
  3929 | D:4      | 3929 ||| FLEEEEING.
  3930 | D:4      | 3930 ||| FLEEEEING.
  3932 | D:4      | 3932 ||| FLEEEEING.
  3933 | D:4      | 3933 ||| FLEEEEING.
  3934 | D:4      | 3934 ||| FLEEEEING.
  3935 | D:4      | 3935 ||| FLEEEEING.
  3936 | D:4      | 3936 ||| FLEEEEING.
  3937 | D:4      | 3937 ||| FLEEEEING.
  3939 | D:4      | 3939 ||| FLEEEEING.
  3940 | D:4      | 3940 ||| FLEEEEING.
  3941 | D:4      | 3941 ||| FLEEEEING.
  3942 | D:4      | 3942 ||| FLEEEEING.
  3944 | D:4      | 3944 ||| STAIRDANCE
  3997 | D:4      | HP: 1/30 [Duvessa/+0 rapier (8)]
  3998 | D:4      | 3998 ||| READING scroll of teleportation.
  3999 | D:4      | Slain by Duvessa

Levels and vault maps discovered:
D:1:      wheals_arrival_shading, layout_rooms, shapermc_ecumenical_altar_venn,
          minmay_stone_trees_medium, nicolae_hexahallways
D:2:      layout_basic, serial_forest, infiniplex_forest_clump_small,
          infiniplex_forest_straight_4, infiniplex_forest_end_double,
          infiniplex_forest_lined_2, infiniplex_forest_lined_3_way,
          chequers_big_river
D:3:      minmay_roachtagon, layout_loops_ring, okawaru_trees_2, tso_altar
D:4:      layout_basic, lemuel_coloured_pillars_altar,
          chequers_serial_rivers_marsh, uniq_ijyb, uniq_edmund, uniq_duvessa

Skill      XL: |  1  2  3  4 |
---------------+-------------+-----
Axes           | 3 4 5 |  5.3
Armour         | 2 |  2.0
Fighting       | |  2.0
Throwing       | |  1.0
Dodging        | |  2.1
Spellcasting   | |  2.0
Translocations | |  2.4

Action                   |  1- 3 |  4- 6 || total
-------------------------+-------+-------++-------
Melee: Hand axe          |    95 |    85 ||   180
       Peck              |    11 |    10 ||    21
       Kick              |    15 |    25 ||    40
       Punch             |     1 |       ||     1
Throw: Boomerang         |     7 |       ||     7
  Use: Scroll            |     5 |     7 ||    12
       Potion            |     1 |       ||     1
Armor: Leather armour    |     7 |       ||     7
       Ring mail         |    28 |     4 ||    32
       Plate armour      |       |    50 ||    50
Dodge: Dodged            |    62 |    18 ||    80

Table legend:
 A = Non-vault XP
 B = Vault XP
 C = Vault XP percentage of total XP
 D = Non-vault monster count
 E = Vault monster count
 F = Vault count percentage of total count
                 A         B        C        D         E       F
            +---------+---------+-------+---------+---------+-------
      Total |     157 |      26 |  14.2 |      50 |      13 |  20.6
            +---------+---------+-------+---------+---------+-------
        D:1 |      32 |       0 |   0.0 |      19 |       0 |   0.0
        D:2 |      72 |       0 |   0.0 |      20 |       0 |   0.0
        D:3 |      23 |      26 |  53.1 |       8 |      13 |  61.9
        D:4 |      30 |       0 |   0.0 |       3 |       0 |   0.0
            +---------+---------+-------+---------+---------+-------
